 Dungeon Crawl Stone Soup version 0.27.1-3-gb3d3a73c9e (webtiles) character file.

Game seed: 12696220004856630669

4929 CuBeRJAN3 the Cleaver (level 10, 0/94 HPs)
             Began as a Hill Orc Monk on Oct 26, 2021.
             Was a Believer of Beogh.
             Slain by a troll (7 damage)
             ... on level 8 of the Dungeon.
             The game lasted 00:27:35 (14532 turns).

CuBeRJAN3 the Cleaver (Hill Orc Monk)              Turns: 14532, Time: 00:27:36

Health: 0/94       AC: 17    Str: 18    XL:     10   Next: 52%
Magic:  15/15      EV:  6    Int: 16    God:    Beogh [**....]
Gold:   415        SH:  0    Dex: 13    Spells: 9/9 levels left

rFire    . . .     SeeInvis .   a - +0 war axe
rCold    . . .     Faith    .   (no shield)
rNeg     . . .     Spirit   .   B - +2 plate armour
rPois    .         Reflect  .   (no helmet)
rElec    .         Harm     .   (no cloak)
rCorr    .         Rampage  .   i - +0 pair of gloves
Will     .....                  b - +0 pair of boots
Stlth    ..........             (no amulet)
HPRegen  0.25/turn              C - +6 ring of intelligence
MPRegen  0.14/turn              (no ring)

@: no status effects
A: no striking features
a: Renounce Religion, Smiting


You were on level 8 of the Dungeon.
You worshipped Beogh.
Beogh was pleased with you.
You visited 2 branches of the dungeon, and saw 10 of its levels.

You collected 415 gold pieces.

Inventory:

Hand Weapons
 a - a +0 war axe (weapon)
 o - a +0 executioner's axe
Missiles
 f - 2 throwing nets
 v - 6 boomerangs (quivered)
Armour
 b - a +0 pair of boots (worn)
 i - a +0 pair of gloves (worn)
 B - a +2 plate armour (worn)
Jewellery
 C - a +6 ring of intelligence (left hand)
Wands
 z - a wand of digging (4)
 A - a wand of iceblast (15)
Scrolls
 d - 2 scrolls of teleportation
 g - a scroll of blinking {unknown}
 h - 3 scrolls of magic mapping
 k - 2 scrolls of noise
 n - a scroll of enchant weapon {unknown}
 q - a scroll of amnesia {unknown}
 s - a scroll of summoning {unknown}
 t - 4 scrolls of immolation
 y - a scroll of fear {unknown}
Potions
 c - 4 potions of flight
 e - a potion of heal wounds
 j - a potion of attraction
 l - 3 potions of degeneration {unknown}
 m - a potion of might
 p - 2 potions of curing
 r - a potion of brilliance {unknown}
 u - a potion of haste {unknown}
 w - a potion of berserk rage {unknown}
 x - a potion of lignification {unknown}


   Skills:
 * Level 10.9 Fighting
 * Level 11.7 Axes
 + Level 6.4 Armour
 - Level 2.6 Dodging
 - Level 2.3 Stealth
 + Level 1.1 Shields
 + Level 7.2 Invocations
 + Level 1.7 Evocations


You had 9 spell levels left.
You didn't know any spells.
Your spell library contained the following spells:

 Spells                   Type           Power      Damage    Failure   Level
 Beastly Appendage        Tmut           0%         N/A       100%        1
 Sting                    Tmut/Pois      0%         1d3       100%        1
 Corpse Rot               Necr/Air       N/A        N/A       100%        2
 Poisonous Vapours        Pois/Air       0%         N/A       100%        2
 Wereblood                Tmut           0%         N/A       100%        2
 Frozen Ramparts          Ice            0%         1d2       100%        3
 Spider Form              Tmut/Pois      0%         N/A       100%        3
 Ice Form                 Ice/Tmut       0%         N/A       100%        4
 Olgreb's Toxic Radiance  Pois           0%         N/A       100%        4
 Summon Ice Beast         Ice/Summ       0%         N/A       100%        4
 Freezing Cloud           Conj/Ice/Air   0%         6-21      100%        5


Dungeon Overview and Level Annotations

Branches:
Dungeon (9/15)             Temple (1/1) D:6
   Lair: D:8-11         Orc: D:9-12

Altars:
Ashenzari
Cheibriados
Dithmenos
Elyvilon
Fedhas
Gozag
Hepliaklqana
Kikubaaqudgha
Makhleb
Nemelex Xobeh
Okawaru
Qazlal
Ru
Sif Muna
Trog
Uskayaw
Vehumet
Wu Jian
Xom
Yredelemnul
Zin
The Shining One


Message History

* * * LOW HITPOINT WARNING * * *
The troll claws you but does no damage.
You closely miss the troll.
The troll is heavily wounded.
The troll barely misses you. The troll closely misses you. The troll claws you!
* * * LOW HITPOINT WARNING * * *
You closely miss the troll.
The troll is heavily wounded.
The troll bites you but does no damage. The troll claws you.
* * * LOW HITPOINT WARNING * * *
The troll claws you but does no damage.
You feel much better. The troll bites you.
* * * LOW HITPOINT WARNING * * *
The troll claws you but does no damage. x2
You closely miss the troll.
The troll is heavily wounded.
The troll bites you but does no damage. The troll barely misses you.
The troll claws you.
* * * LOW HITPOINT WARNING * * *
You hit the troll.
The troll is heavily wounded.
The troll bites you.
* * * LOW HITPOINT WARNING * * *
The troll barely misses you. The troll claws you.
* * * LOW HITPOINT WARNING * * *
You slash the troll!
The troll is severely wounded.
The troll bites you.
* * * LOW HITPOINT WARNING * * *
The troll claws you but does no damage. x2
Your plate armour prevents you from hitting the troll.
The troll is severely wounded.
The troll bites you but does no damage. The troll barely misses you.
The troll claws you but does no damage.
You hit the troll but do no damage.
The troll is severely wounded.
The troll bites you.
* * * LOW HITPOINT WARNING * * *
The troll claws you!
You die...

#############
#...........# ##
#.#####.[...# .##
#.#...(.....# ..#
#.#.#####T#.#
..######.#.#####@#.#
.........#.......#.#####
.##......#####...#.....#
..............>..#####.#
.##......#.....#.....#.#
[<.......#####.#.....#.#
#.######## #.##....#.#
#.# #.......#.# #.#
#.#.....#.#


You could see a troll.

Vanquished Creatures
  A two-headed ogre (D:6)
  A cyclops (D:7)
  A shadow (D:8)
  Eustachio (D:5)
  A steam dragon (D:8)
  Menkaure (D:4)
  An acid dragon (D:9)
  2 water moccasins
  2 orc warriors
  3 ice beasts
  A sky beast (D:7)
  2 black bears
  2 necrophages
  An ogre (D:4)
  A centaur (D:9)
  A phantom (D:5)
  A kobold brigand (D:7)
  3 bullfrogs
  A scorpion (D:3)
  11 killer bees (D:8)
  6 centaur zombies
  2 jellies
  A gnoll shaman (D:7)
  4 hounds
  2 bullfrog skeletons
  Jessica (D:2)
  A centaur skeleton (D:5)
  6 iguanas
  7 orc wizards
  A scorpion zombie (D:5)
  A hound skeleton (D:4)
  A howler monkey zombie (D:9)
  10 gnolls
  5 adders
  3 white imps (D:6)
  An ufetubus (D:7)
  2 worms
  3 dart slugs
  20 orcs
  10 ball pythons
  5 endoplasms
  3 giant cockroaches
  5 goblins
  8 hobgoblins
  5 quokkas
  A bat (D:1)
  4 frilled lizards
  9 kobolds
  4 rats
169 creatures vanquished.

Vanquished Creatures (others)
  An orc (D:3)
  A fungus (D:4)
2 creatures vanquished.

Grand Total: 171 creatures vanquished

Notes
Turn   | Place    | Note
-------+----------+-------------------------------------------
     0 | D:1      | CuBeRJAN3 the Hill Orc Monk began the quest for the Orb.
     0 | D:1      | Reached XP level 1. HP: 19/19 MP: 1/1
   237 | D:1      | Reached XP level 2. HP: 27/27 MP: 2/2
  1177 | D:2      | Reached XP level 3. HP: 33/33 MP: 3/3
  1180 | D:2      | Found a faded altar of an unknown god.
  1838 | D:2      | Reached XP level 4. HP: 26/41 MP: 4/4
  2008 | D:2      | Reached skill level 5 in Axes
  2156 | D:2      | Noticed Jessica
  2175 | D:2      | Killed Jessica
  2176 | D:2      | Reached skill level 1 in Armour
  2714 | D:2      | Reached XP level 5. HP: 26/47 MP: 5/5
  3691 | D:3      | Became a worshipper of Beogh the Brigand
  3691 | D:3      | Reached * piety under Beogh
  3691 | D:3      | Reached ** piety under Beogh
  3706 | D:3      | Reached skill level 5 in Fighting
  4330 | D:3      | Reached skill level 1 in Invocations
  4531 | D:4      | Reached XP level 6. HP: 48/56 MP: 6/6
  4660 | D:4      | Found a sacrificial altar of Ru.
  4790 | D:4      | Reached skill level 6 in Axes
  5233 | D:3      | Reached XP level 7. HP: 54/63 MP: 8/8
  5513 | D:4      | Noticed Menkaure
  6178 | D:5      | Entered Level 5 of the Dungeon
  6210 | D:5      | Reached skill level 7 in Axes
  6749 | D:5      | Noticed Eustachio
  7127 | D:5      | Reached XP level 8. HP: 39/73 MP: 10/10
  7538 | D:5      | Killed Eustachio
  7539 | D:5      | Reached skill level 8 in Axes
  8015 | D:6      | Found a staircase to the Ecumenical Temple.
  8032 | Temple   | Entered the Ecumenical Temple
  8342 | D:6      | Noticed a two-headed ogre
  8470 | D:6      | Killed a two-headed ogre
  8471 | D:6      | Reached skill level 9 in Axes
  8471 | D:6      | Reached skill level 5 in Invocations
  8471 | D:6      | Reached XP level 9. HP: 83/83 MP: 2/13
  9031 | D:6      | Reached skill level 10 in Axes
  9031 | D:6      | Reached skill level 5 in Armour
 10040 | D:7      | Reached *** piety under Beogh
 10079 | D:7      | Reached skill level 10 in Fighting
 10427 | D:7      | Noticed a cyclops
 10433 | D:7      | Killed a cyclops
 10434 | D:7      | Reached skill level 11 in Axes
 10434 | D:7      | Reached XP level 10. HP: 94/94 MP: 7/15
 11827 | D:8      | Reached skill level 1 in Evocations
 12690 | D:4      | Killed Menkaure
 13902 | D:8      | Reached skill level 1 in Shields
 14448 | D:9      | Noticed a two-headed ogre
 14519 | D:8      | HP: 4/94 [troll (7)]
 14526 | D:8      | HP: 1/94 [troll (5)]
 14532 | D:8      | Slain by a troll

Illustrated notes

Levels and vault maps discovered:
D:1:      elethiomel_arrival_maze, layout_basic, serial_co_window_serial,
          co_window_paths_b, co_window_corner_a, co_window_corner_a,
          co_window_paths_a, co_window_paths_a, co_window_corner_cb,
          co_window_corner_cb, co_window_corner_b, co_window_of_opportunity_b,
          co_window_paths_c, co_window_corner_ca, glass_columns_c,
          glass_columns_a, glass_columns_b, glass_columns_a, glass_columns_a,
          minmay_tetromino_s2
D:2:      layout_rooms, hellmonk_ecumenical_altar_pennies_from_heaven,
          uniq_jessica
D:3:      layout_loops_ring, serial_park_tiny_2
D:4:      layout_cave_pods, mainiacjoe_overflow_chevrons, uniq_menkaure
D:5:      layout_basic, wad_floor_pattern_untrapped, uniq_eustachio
D:6:      layout_cave_pods, minmay_temple_entry_mini_moons, st_stairs_1,
          lightli_minifort
D:7:      layout_loops_corners
D:8:      layout_basic, serial_co_window_serial, co_window_corner_a,
          co_window_corner_a, co_window_corner_a, co_window_of_opportunity_a,
          co_window_paths_a, co_window_paths_a, co_window_paths_b,
          co_window_broadway_c, co_window_of_opportunity_b,
          co_window_broadway_b, co_window_corner_b, co_window_2corner,
          co_window_unsneaky_path_e, co_window_4corner_b, glass_columns_c,
          glass_columns_b, glass_columns_c
D:9:      layout_rooms, gammafunk_ghost_ooze, supply_closet_lemuel, uniq_grum
Temple:   grunt_wide_crystal_templ

Skill      XL: |  1  2  3  4  5  6  7  8  9 10 |
---------------+-------------------------------+-----
Fighting       | 4 5 6 7 9 10 | 10.9
Stealth        | 2 |  2.3
Axes           | 5 6 7 9 11 | 11.7
Armour         | 1 2 3 4 5 6 |  6.4
Invocations    | 1 2 3 5 6 7 |  7.2
Evocations     | 1 |  1.7
Shields        | 1 |  1.1
Dodging        | |  2.6

Action                   |  1- 3 |  4- 6 |  7- 9 | 10-12 || total
-------------------------+-------+-------+-------+-------++-------
Melee: Hand axe          |    93 |    55 |       |       ||   148
       War axe           |       |    99 |   309 |   198 ||   606
Throw: Throwing net      |       |       |     1 |       ||     1
       Boomerang         |       |       |       |     6 ||     6
Invok: Convert to Beogh  |       |     1 |       |       ||     1
       Smiting           |       |     1 |     8 |     1 ||    10
  Use: Scroll            |       |       |     8 |     4 ||    12
       Potion            |       |       |     2 |     2 ||     4
 Stab: Sleeping          |     4 |     2 |     2 |       ||     8
Armor: Leather armour    |    15 |    17 |       |       ||    32
       Scale mail        |       |    25 |       |       ||    25
       Ring mail         |       |    11 |    95 |       ||   106
       Plate armour      |       |       |    93 |   216 ||   309
Dodge: Dodged            |    62 |    90 |   150 |    76 ||   378
